 Dungeon Crawl Stone Soup version 0.17-b1-15-g0f5fb43 (webtiles) character file.

77 Quarterback16 the Skirmisher (level 4, 0/40 HPs)
             Began as a Hill Orc Fighter on Nov 7, 2015.
             Slain by an adder (3 damage)
             ... on level 2 of the Dungeon.
             The game lasted 00:22:54 (2752 turns).

Quarterback16 the Skirmisher (Hill Orc Fighter)     Turns: 2752, Time: 00:22:54

Health: 0/40       AC: 10    Str: 19    XL:     4   Next: 34%
Magic:  4/4        EV:  2    Int:  8    God:
Gold:   54         SH:  7    Dex: 10    Spells: 0 memorised, 3 levels left

rFire  . . .     SeeInvis .     a - +0 war axe
rCold  . . .     Clarity  .     v - +0 plate armour
rNeg   . . .     SustAt   .     c - +0 shield
rPois  .         Gourm    .     (no helmet)
rElec  .         Spirit   .     (no cloak)
rCorr  .         Warding  .     (no gloves)
rMut   .         Stasis   .     (no boots)
MR     .....                    (no amulet)
Stlth  ..........               (no ring)
                                (no ring)

@: lethally poisoned (0 -> -1), very heavily drained, not resistant to hostile
enchantments, extremely unstealthy
A: no striking features
a: no special abilities


You were on level 2 of the Dungeon.
You were not hungry.

You visited 1 branch of the dungeon, and saw 2 of its levels.

You collected 54 gold pieces.

Inventory:

Hand Weapons
 a - a +0 war axe (weapon)
 o - a cursed -1 mace
 p - a cursed -3 hunting sling
Missiles
 f - 29 bolts (quivered)
 q - 18 poisoned needles
Armour
 b - a +0 scale mail
 c - a +0 shield (worn)
 v - a +0 plate armour (worn)
Scrolls
 e - a scroll of recharging {unknown}
 g - 3 scrolls of remove curse
 k - a scroll of random uselessness {unknown}
 m - a scroll of blinking {unknown}
 n - a scroll of immolation {unknown}
 r - 3 scrolls of enchant weapon {unknown}
 u - 4 scrolls of identify {unknown}
 y - a scroll of amnesia {unknown}
Potions
 d - a potion of might
 h - a potion of cure mutation {unknown}
 i - 2 potions of curing {unknown}
 j - a potion of heal wounds {unknown}
 l - 2 potions of flight {unknown}
 x - a potion of agility {unknown}
Comestibles
 s - a meat ration
 w - a bread ration


   Skills:
 + Level 4.2(0.0) Fighting
 + Level 3.4(0.0) Axes
 + Level 3.9(0.0) Armour
 + Level 1.0(0.0) Dodging
 + Level 4.0(0.0) Shields


You had 3 spell levels left.
You didn't know any spells.

Dungeon Overview and Level Annotations

Branches:
Dungeon (2/15)

Altars:
Dithmenos
Xom


Message History

Your shield and plate armour prevent you from hitting the adder.
The adder is almost dead.
You block the adder's attack. The adder bites you but does no damage.
You closely miss the adder.
The adder is almost dead.
You feel sick. The adder bites you but does no damage.
The adder barely misses you.
Your shield and plate armour prevent you from hitting the adder.
The adder is almost dead.
You block the adder's attack. The adder completely misses you.
You miss the adder.
The adder is almost dead.
You feel sick. The adder bites you.
* * * LOW HITPOINT WARNING * * *
The adder bites you but does no damage. The adder bites you.
* * * LOW HITPOINT WARNING * * *
Your shield and plate armour prevent you from hitting the adder.
The adder is almost dead.
You block the adder's attack. The adder bites you.
You die...

#......#
########
..# ..#
..# #.#
#.# #.#
### #.#
#.# ##..
#.# #S#
#..# #.#
#@# #..#
#.# #?#
#..# #.#
#.# #..#
###.###.#
#...
#..)....#
........#
#.#.....#
#######.#
#.#####.#
#.# #.#
#.# #.#
#.# #.#
#..


You could see an adder.

Vanquished Creatures
  Ijyb (D:2)
  A worm (D:2)
  2 giant geckos
  A ball python (D:2)
  A giant cockroach (D:1)
  4 goblins
  6 hobgoblins
  7 jackals (D:1)
  6 bats
  3 giant newts
  3 kobolds (D:1)
  7 rats
42 creatures vanquished.

Notes
Turn   | Place    | Note
--------------------------------------------------------------
     0 | D:1      | Quarterback16 the Hill Orc Fighter began the quest for the Orb.
     0 | D:1      | Reached XP level 1. HP: 19/19 MP: 1/1
   407 | D:1      | Reached XP level 2. HP: 27/27 MP: 2/2
   942 | D:1      | Found a shimmering altar of Xom.
  1216 | D:1      | Reached XP level 3. HP: 31/33 MP: 3/3
  2204 | D:2      | Found a shadowy altar of Dithmenos.
  2208 | D:2      | Reached skill level 4 in Fighting
  2447 | D:2      | Noticed Ijyb
  2471 | D:2      | Killed Ijyb
  2471 | D:2      | Reached skill level 1 in Dodging
  2471 | D:2      | Reached XP level 4. HP: 32/40 MP: 4/4
  2752 | D:2      | Slain by an adder

Action                   |  1- 3 |  4- 6 || total
-------------------------+-------+-------++-------
Melee: War axe           |   143 |    48 ||   191
  Use: Scroll            |     1 |       ||     1
  Eat: Chunk             |     1 |       ||     1
       Bread ration      |     1 |       ||     1
       Beef jerky        |     1 |       ||     1
